 Dungeon Crawl Stone Soup version 0.28-a0-199-g298df9dbad (webtiles) character file.

Game seed: 5188938642617421621

30 p0werm0de the Skirmisher (level 3, -2/30 HPs)
             Began as a Djinni Chaos Knight on Aug 19, 2021.
             Was a Plaything of Xom.
             Slain by Robin the troll (shapeshifter) (7 damage)
             ... on level 2 of the Dungeon.
             The game lasted 00:00:24 (726 turns).

p0werm0de the Skirmisher (Djinni Chaos Knight)       Turns: 726, Time: 00:00:25

Health: -2/30      AC:  5    Str: 11 (12) XL:     3   Next: 37%
Gold:   58         EV: 11    Int: 12 (13) God:    Xom [....*.] SH:  0 Dex: 10 (12)

rFire   + + .      SeeInvis .   a - +0 hand axe (chaos)
rCold   x . .      Faith    .   (no shield)
rNeg    . . .      Spirit   .   b - +2 leather armour
rPois   ∞          Reflect  .   (no helmet)
rElec   .          Harm     .   (no cloak)
rCorr   .          Rampage  .   (no gloves)
Will    .....                   (boots unavailable)
Stlth   +.........              (no amulet)
HPRegen 0.10/turn               (no ring)
MPRegen 0.00/turn               (no ring)

@: flying
A: sickness immunity, fire resistance 2, cold vulnerability 1, float, innate
caster, hp casting, extra vitality 1
a: Renounce Religion


You were on level 2 of the Dungeon.
You worshipped Xom.
You were a beloved toy of Xom.
You visited 1 branch of the dungeon, and saw 2 of its levels.

You collected 58 gold pieces.

Inventory:

Hand Weapons
 a - a +0 hand axe of chaos (weapon)
Armour
 b - a +2 leather armour (worn)


   Skills:
 * Level 3.4 Fighting
 * Level 2.8 Axes
 * Level 1.9 Armour
 - Level 2.1 Dodging


You had one spell level left.
You knew the following spells:

 Your Spells              Type           Power      Damage    Failure   Level
a - Sandblast             Erth           0%         2d4       41%         1
Your spell library was empty.

Dungeon Overview and Level Annotations

Branches:
Dungeon (2/15)

Altars:

Annotations:
D:2 Robin


Innate Abilities, Weirdness & Mutations

You are immune to sickness and miasma.
You are immune to poison.
Your flesh is very heat resistant. (rF++)
You are vulnerable to cold. (rC-)
You float through the air rather than walking.
You learn spells naturally, not from books.
Your magical power is your life essence.
You have superior vitality. (+4 HP)


Message History

You hit the hobgoblin but do no damage. You hit the goblin.
You freeze the goblin. You barely miss the goblin.
The hobgoblin closely misses you. The goblin hits you but does no damage.
The goblin hits you with a +0 dagger. The hobgoblin hits you.
You closely miss the goblin.
The goblin is heavily wounded.
You hit the goblin.
You kill the goblin!
You hit the hobgoblin. You freeze the hobgoblin.
Robin hits you but does no damage. The goblin completely misses you.
You hit the goblin.
You kill the goblin!
You hit the hobgoblin but do no damage.
The hobgoblin resists with some effort.
You barely miss the rat.
You hear Xom's avuncular chuckle.
Robin changes into a shapeshifter!
Robin the shapeshifter changes into a troll!
The rat bites you but does no damage. The hobgoblin closely misses you.
You closely miss the hobgoblin.
The hobgoblin is moderately wounded.
You hit the rat. You burn the rat.
You kill the rat! "Serve the mortal, my children!"
The hobgoblin barely misses you. Robin bites your shadow imp!
Your shadow imp dies!
You hit the hobgoblin.
You kill the hobgoblin!
Robin says, "Kneel, worm!"
Your crimson imp hits the worm.
Your iron imp hits the worm!
You barely miss the worm.
The worm is severely wounded.
You closely miss Robin. Robin barely misses you. Robin claws you!
* * * LOW HITPOINT WARNING * * *
A shower of butterflies erupts from you!
Robin claws you.
* * * LOW HITPOINT WARNING * * *
The dart slug misses your butterfly.
Your crimson imp hits the worm.
Robin closely misses you. Robin claws you!
You die...
Xom giggles madly!

#. #.. #.. .. #.#
##.##.# ...#.#
#####.#.#######..
........#@5.b....
......g.Twb.b....
####.b)wb5......
#####b.########.
#....)...#
......).)...#
............#
............#
............#


You could see Robin the troll shaped shifter (ally target), a worm (ally
target), a dart slug, a goblin (strong), a friendly iron imp (summoned) and a
friendly crimson imp (summoned).

Vanquished Creatures
  A ball python (D:1)
  2 bats (D:1)
  A giant cockroach (D:1)
  10 goblins
  4 hobgoblins (D:2)
  A quokka (D:1)
  A frilled lizard (D:1)
  2 kobolds (D:1)
  4 rats
26 creatures vanquished.

Notes
Turn   | Place    | Note
-------+----------+-------------------------------------------
     0 | D:1      | p0werm0de the Djinni Chaos Knight began the quest for the
                  | Orb.
     0 | D:1      | Reached XP level 1. HP: 20/20 MP: 0/0
   173 | D:1      | Reached XP level 2. HP: 25/25 MP: 0/0
   433 | D:1      | XOM: silly message
   512 | D:2      | Noticed Robin
   519 | D:2      | Reached XP level 3. HP: 27/30 MP: 0/0
   519 | D:2      | Learned a level 1 spell: Sandblast
   714 | D:1      | XOM: noise
   722 | D:2      | Noticed Robin
   722 | D:2      | Robin changed into Robin the shapeshifter
   722 | D:2      | XOM: polymorph Robin -> Robin the shapeshifter
   722 | D:2      | Noticed Robin
   722 | D:2      | Robin the shapeshifter changed into Robin the troll
   723 | D:2      | XOM: summons 3 friendly demons
   725 | D:2      | XOM: butterfly on damage
   726 | D:2      | Slain by Robin the troll (shapeshifter)

Illustrated notes

Levels and vault maps discovered:
D:1:      dpeg_arrival_rooms_b, layout_basic
D:2:      layout_basic, ebering_ecumenical_altar_abandoned, due_unseen_surprise,
          uniq_robin, uniq_sigmund

Action                   || total
-------------------------++-------
Melee: Hand axe          ||    57
  Use: Scroll            ||     1
       Potion            ||     3
 Stab: Paralysed         ||     1
       Sleeping          ||     1
Armor: Leather armour    ||    27
Dodge: Dodged            ||    54

Table legend: (Time is in decaauts)
 A = Elapsed time spent in this place.
 B = Non-inter-level travel time spent in this place.
 C = Inter-level travel time spent in this place.
 D = Time resting spent in this place.
 E = Time spent auto-exploring this place.
 F = Levels seen in this place.
 G = Mean time per level.
                   A        B        C        D        E       F      G
               +--------+--------+--------+--------+--------+-----+--------+
         Total |    723 |    712 |     11 |    182 |    398 |   2 |  361.5 |
       Dungeon |    723 |    712 |     11 |    182 |    398 |   2 |  361.5 |
               +--------+--------+--------+--------+--------+-----+--------+

Top non-repeatable levels by time:
     D:1: 696 daAuts
     D:2: 26 daAuts
